cohdb
Replays
Latest Replays
All Replays
Popular Replays
Top Player Replays
Match Explorer
How It Works
Community
CoH3 Stats
Reddit
Sign in to upload your games and track your stats! →
Sign in with Steam
Match 42745028
Unlisted
Match 42745028
Overview
Messages
Build Orders
End
Kradschützen Motorcycle Team
Selects Armored Support Battlegroup
Panzerpioneer Squad
Panzergrenadier Squad
250 Light Carrier
Panzergrenadier Squad
Construct Light Support Kompanie
Assault Mechanized Group
Selects Veteran Gunners
Selects Salvage Kits
Fire Support Elements
Flakvierling Half-track
Panzerjäger Squad
2.5-tonne Medical Truck
Assault Mechanized Group
Selects Flammpanzer III Medium Tank
Selects Command Panzer IV F Medium Tank
Flammpanzer III Medium Tank
Vehicle Survival Package
Command Panzer IV F Medium Tank
2.5-tonne Medical Truck
Selects Panzer Storm
Pak 38 Mechanized Group
Flammpanzer III Medium Tank
2.5-tonne Medical Truck
Flammpanzer III Medium Tank
Trion
Shitmatchking
0
0
Comments
sign in to comment!
No comments posted yet!